 Dungeon Crawl Stone Soup version 0.22-a0-409-gb855193 (webtiles) character file.

9349 4thArraOfDagon the Arsonist (level 11, -1/88 HPs)
             Began as an Ogre Fire Elementalist on May 10, 2018.
             Was a Priest of Vehumet.
             Slain by a two-headed ogre
             ... wielding a +0 giant club
              (25 damage)
             ... on level 10 of the Dungeon.
             The game lasted 00:24:18 (7373 turns).

4thArraOfDagon the Arsonist (OgFE)                  Turns: 7373, Time: 00:24:19

Health: -1/88      AC:  9    Str: 14    XL:     11   Next: 45%
Magic:  21/33      EV: 10    Int: 22    God:    Vehumet [***...]
Gold:   571        SH:  0    Dex:  9    Spells: 15/28 levels left

rFire    . . .     SeeInvis .   K - +3 giant spiked club
rCold    . . .     Gourm    .   (shield currently unavailable)
rNeg     + . .     Faith    +   M - +2 robe {rN+}
rPois    +         Spirit   .   B - +1 hat
rElec    .         Reflect  .   F - +0 cloak
rCorr    .         Harm     .   (gloves unavailable)
MR       +....                  (boots unavailable)
Stlth    +.........             w - amulet of faith
HPRegen  0.24/turn              u - ring of magical power
MPRegen  0.23/turn              v - +3 ring of intelligence

@: no status effects
A: large, unfitting armour, horns 1, iridescent scales 1, poison resistance,
tough skin 1, subdued magic 1
a: Renounce Religion


You were on level 10 of the Dungeon.
You worshipped Vehumet.
Vehumet was most pleased with you.
You were not hungry.

You visited 2 branches of the dungeon, and saw 11 of its levels.
You also visited: Ossuary.

You collected 571 gold pieces.

Inventory:

Hand Weapons
 K - a +3 giant spiked club (weapon)
Missiles
 H - 8 curare-tipped needles
 R - a throwing net (quivered)
Armour
 a - a +2 robe
 i - a +2 large shield
 B - a +1 hat (worn)
 F - a +0 cloak (worn)
 J - a +1 large shield of reflection
 M - a +2 robe of positive energy (worn)
Magical Staves
 U - an uncursed staff of air
Jewellery
 t - an uncursed ring of ice
 u - a ring of magical power (left hand)
 v - a +3 ring of intelligence (right hand)
 w - an amulet of faith (around neck)
 x - an uncursed ring of wizardry
Wands
 k - a wand of acid (17)
 m - a wand of iceblast (26)
 n - a wand of digging (16)
 z - a wand of random effects (21)
 D - a wand of disintegration (25)
 Q - a wand of flame (16)
 T - a wand of polymorph (17)
Scrolls
 g - 3 scrolls of enchant armour
 j - 6 scrolls of teleportation
 l - 7 scrolls of remove curse
 p - a scroll of immolation {unknown}
 y - 5 scrolls of identify
 E - a scroll of torment {unknown}
 G - 4 scrolls of amnesia {unknown}
 I - a scroll of noise {unknown}
 L - a scroll of fog
 O - a scroll of magic mapping
 P - 2 scrolls of blinking {unknown}
Potions
 b - a potion of ambrosia
 d - 5 potions of lignification
 e - 4 potions of flight
 o - 2 potions of brilliance
 q - a potion of curing
 r - 3 potions of haste
 s - 2 potions of agility
 C - a potion of berserk rage
 S - a potion of magic
Comestibles
 c - 18 rations
 N - 12 chunks of flesh


   Skills:
 - Level 1.7 Dodging
 - Level 1.4 Stealth
 + Level 9.0 Spellcasting
 * Level 10.2 Conjurations
 * Level 10.6 Fire Magic


You had 15 spell levels left.
You knew the following spells:

 Your Spells              Type           Power        Failure   Level  Hunger
a - Flame Tongue          Conj/Fire      #####        1%          1    None
b - Conjure Flame         Conj/Fire      #####...     1%          3    None
c - Sticky Flame          Conj/Fire      #####...     1%          4    ##.....
d - Fireball              Conj/Fire      #####.....   1%          5    #####..


Dungeon Overview and Level Annotations

Branches:
Dungeon (10/15)            Temple (1/1) D:6
   Lair: D:8-11         Orc: D:9-12

Altars:
Ashenzari
Cheibriados
Dithmenos
Elyvilon
Fedhas
Gozag
Hepliaklqana
Kikubaaqudgha
Makhleb
Nemelex Xobeh
Okawaru
Qazlal
Ru
Sif Muna
Trog
Uskayaw
Vehumet
Wu Jian
Xom
Yredelemnul
The Shining One

Shops:
D:9 [


Innate Abilities, Weirdness & Mutations

You are too large for most types of armour.
You have tough skin. (AC +1)
You have a pair of small horns on your head.
You are partially covered in iridescent scales. (AC +2)
Your system is resistant to poisons. (rPois)
Your spells are a little easier to cast, but a little less powerful.


Message History

The two-headed ogre hits you with a giant club!!
* * * LOW HITPOINT WARNING * * *
Casting: Flame Tongue (safe; 1% risk of failure)
Confirm with . or Enter, or press ? or * to list all spells.
Okay, then.
Unknown command.
The two-headed ogre is engulfed in blazing flames.
There is an open door here.
You see here 2 arrows.
Unknown command.
Unknown command.
Unknown command.
Unknown command.
Throwing (i - inventory)
R - 2 throwing nets (quivered)
Press: ? - help, Shift-Dir - straight line, f/p - two-headed ogre
Aim: a two-headed ogre, wielding two giant clubs (heavily wounded)
You throw a throwing net.
The throwing net barely misses the two-headed ogre.
The two-headed ogre hits you with a giant club!!
You die...

#........####.........#
.........# #.........#
#........# #.........:
#........# #.........#
#........# #§##
##...##### #.(#
###...### ##(######
#.......### #.O.....#
#.......'.# #.@>....+
#.......#.# #†......#
#...)...#.####.......#
#.......#...##.......#
#.......###..#.......#
#.......# ##.#.......#
#.[.....# #.'.......#
#.......# ###.......#
#.......# #####+###


You could see a two-headed ogre.

Vanquished Creatures
  4 two-headed ogres
  A hornet (D:8)
  A queen bee (D:9)
  Prince Ribbit (D:5)
  Grinder (D:5)
  A wyvern (D:10)
  6 yaks (D:9)
  2 wraiths (Ossuary)
  A steam dragon (D:9)
  3 sky beasts
  An ice beast (D:10)
  2 phantoms
  4 ogres
  8 centaurs
  8 bullfrogs
  3 scorpions
  A wyvern skeleton (D:8)
  22 killer bees
  2 wights (Ossuary)
  2 howler monkeys (D:8)
  3 jellies
  5 crimson imps
  2 orc priests
  7 hounds
  2 orc wizards
  A bullfrog skeleton (D:6)
  Natasha (thrice) (D:4)
  Terence (D:2)
  2 iguanas
  10 worker ants
  A mummy (D:8)
  2 hound skeletons
  A worker ant zombie (D:6)
  8 adders
  A shadow imp (D:8)
  2 oozes
  2 adder zombies (Ossuary)
  2 adder skeletons (D:8)
  A worm (D:2)
  A dart slug (D:3)
  3 leopard geckos
  23 orcs
  A giant cockroach (D:5)
  7 goblins
  6 hobgoblins
  11 jackals
  6 quokkas
  2 ball pythons
  2 ball python skeletons (Ossuary)
  5 bats
  2 frilled lizards
  2 gnoll zombies (D:6)
  2 hobgoblin skeletons (Ossuary)
  A jackal skeleton (D:5)
  9 kobolds
  A kobold zombie (Ossuary)
  2 orc zombies (Ossuary)
  A quokka skeleton (D:9)
  12 rats
229 creatures vanquished.

Notes
Turn   | Place    | Note
-------+----------+-------------------------------------------
     0 | D:1      | 4thArraOfDagon the Ogre Fire Elementalist began the quest for the Orb.
     0 | D:1      | Reached XP level 1. HP: 16/16 MP: 3/3
     5 | D:1      | Reached skill level 1 in Conjurations
    80 | D:1      | Reached XP level 2. HP: 18/24 MP: 1/5
   179 | D:2      | Noticed Terence
   376 | D:3      | Reached XP level 3. HP: 31/31 MP: 2/7
   381 | D:3      | Learned a level 3 spell: Conjure Flame
   388 | D:3      | Found a hide-covered altar of Uskayaw.
   465 | D:4      | Found a sand-covered staircase.
   465 | D:4      | Noticed Natasha
   470 | D:4      | Killed Natasha
   500 | Ossuary  | Entered an ossuary
   615 | Ossuary  | Reached XP level 4. HP: 29/39 MP: 8/8
   659 | Ossuary  | Learned a level 4 spell: Sticky Flame
   663 | Ossuary  | Noticed a flying skull
   663 | Ossuary  | Noticed a wraith
   699 | Ossuary  | Noticed a flying skull
   701 | Ossuary  | Noticed a flying skull
   706 | Ossuary  | Noticed a wraith
   712 | Ossuary  | Killed a wraith
   712 | Ossuary  | Reached XP level 5. HP: 23/45 MP: 8/10
   725 | Ossuary  | Reached XP level 6. HP: 28/53 MP: 5/11
   729 | Ossuary  | Noticed a flying skull
   762 | Ossuary  | Noticed a wraith
   777 | Ossuary  | Killed a wraith
   777 | Ossuary  | Reached XP level 7. HP: 41/59 MP: 1/13
   855 | D:4      | Learned a level 5 spell: Fireball
   884 | D:4      | Noticed Natasha
   886 | D:4      | Killed Natasha
   913 | D:4      | Reached skill level 5 in Fire Magic
  1013 | D:5      | Entered Level 5 of the Dungeon
  1102 | D:6      | Found a staircase to the Ecumenical Temple.
  1111 | Temple   | Entered the Ecumenical Temple
  1149 | Temple   | fans
  1325 | D:6      | Found a snail-covered altar of Cheibriados.
  1426 | D:5      | Noticed Grinder
  1431 | D:5      | Killed Grinder
  1431 | D:5      | Reached skill level 5 in Spellcasting
  1431 | D:5      | Reached skill level 5 in Conjurations
  1431 | D:5      | Reached XP level 8. HP: 53/67 MP: 15/15
  1437 | D:5      | Found a hide-covered altar of Uskayaw.
  1626 | D:5      | Noticed Prince Ribbit
  1639 | D:5      | Killed Prince Ribbit
  1845 | D:4      | Noticed Natasha
  2254 | D:2      | Killed Terence
  2498 | D:4      | Killed Natasha
  2608 | D:6      | Reached XP level 9. HP: 74/74 MP: 17/17
  2890 | D:8      | Found a snail-covered altar of Cheibriados.
  2897 | D:8      | Noticed a hornet
  2910 | D:8      | Paralysed by a hornet for 1 turns
  2911 | D:8      | Killed a hornet
  3098 | D:8      | Noticed a two-headed ogre
  3112 | D:8      | Killed a two-headed ogre
  3112 | D:8      | Reached XP level 10. HP: 47/81 MP: 11/20
  3130 | D:8      | Found a stormy altar of Qazlal.
  3239 | D:8      | Noticed a two-headed ogre
  3263 | D:8      | Killed a two-headed ogre
  3323 | D:8      | Noticed a two-headed ogre
  3342 | D:8      | Killed a two-headed ogre
  3396 | D:8      | Identified a scroll of acquirement
  3407 | D:8      | :*
  3464 | D:9      | Noticed a two-headed ogre
  3481 | D:9      | Killed a two-headed ogre
  3497 | D:9      | Found Qokady's Armour Boutique.
  3547 | D:9      | Found a faded altar of an unknown god.
  3547 | D:9      | Found a sacrificial altar of Ru.
  3552 | D:9      | Found a glowing golden altar of the Shining One.
  3554 | D:9      | Found a radiant altar of Vehumet.
  3555 | D:9      | Found a deep blue altar of Sif Muna.
  3556 | D:9      | :I
  3559 | D:9      | Became a worshipper of Vehumet
  3841 | D:2      | Found a bloodstained altar of Trog.
  3934 | D:2      | Reached * piety under Vehumet
  3934 | D:2      | Offered knowledge of Shock by Vehumet.
  5593 | D:6      | Found a shattered altar of Ashenzari.
  5746 | D:6      | Reached XP level 11. HP: 88/88 MP: 23/23
  5760 | D:6      | Reached skill level 10 in Fire Magic
  5819 | D:6      | Found a basalt altar of Yredelemnul.
  6263 | D:7      | Offered knowledge of Searing Ray by Vehumet.
  6269 | D:7      | Reached ** piety under Vehumet
  6661 | D:8      | Found a sparkling altar of Nemelex Xobeh.
  6662 | D:8      | Found a shimmering altar of Xom.
  6888 | D:9      | Reached skill level 10 in Conjurations
  6982 | D:9      | Offered knowledge of Throw Frost by Vehumet.
  7034 | D:9      | Gained mutation: Your spells are a little easier to cast, but a little less powerful. [potion of mutation]
  7034 | D:9      | Gained mutation: Your system is resistant to poisons. (rPois) [potion of mutation]
  7034 | D:9      | Gained mutation: You have a pair of small horns on your head. [potion of mutation]
  7034 | D:9      | Gained mutation: You are partially covered in iridescent scales. (AC +2) [potion of mutation]
  7035 | D:9      | :(
  7038 | D:9      | Found a sacrificial altar of Ru.
  7242 | D:10     | Entered Level 10 of the Dungeon
  7308 | D:10     | :*
  7362 | D:10     | Reached *** piety under Vehumet
  7363 | D:10     | Noticed a two-headed ogre
  7373 | D:10     | Slain by a two-headed ogre

Vault maps used:
D:1:      dpeg_arrival_ratfight, minivault_25, minmay_tetromino_t2
D:2:      overflow_temple_1_default, first_ration, uniq_terence
D:3:      eat_drink_and_be_merry_uskayaw
D:4:      nicolae_ossuary_entry_false_entrances, uniq_natasha
D:5:      basic_altar, uniq_grinder, uniq_prince_ribbit1
D:6:      nicolae_ashenzari_panopticon, lemuel_zombie_altar_yredelemnul,
          minmay_temple_entry_grid, basic_altar
D:7:      cheibrodos_iron_armory, zin_angel
D:8:      slow_altar_1, gammafunk_temple_overflow_statue,
          nicolae_qazlal_eye_of_the_storm
D:9:      chequers_temple_overflow_minitemple, serial_shops,
          nicolae_shop_behind_doors, david_nohive_1,
          nicolae_ru_sacrificial_ziggurat
D:10:     minmay_lair_entry_lava, palyth_stone_intersect, uniq_psyche
Temple:   eino_wide_crystal_templ
Ossuary:  ossuary_due_cavern

Skill      XL: |  1  2  3  4  5  6  7  8  9 10 11 |
---------------+----------------------------------+-----
Conjurations   | 1 2 3 4 5 6 8 9 10 | 10.2
Fire Magic     | 3 4 5 7 8 9 10 | 10.6
Spellcasting   | 3 4 5 7 8 9 |  9.0
Dodging        | |  1.7
Stealth        | |  1.4

Action                   |  1- 3 |  4- 6 |  7- 9 | 10-12 || total
-------------------------+-------+-------+-------+-------++-------
Melee: Unarmed           |     3 |       |       |       ||     3
       Short sword       |    34 |     6 |       |       ||    40
       Great sword       |       |       |   162 |   149 ||   311
       Staff             |       |       |       |     3 ||     3
       Headbutt          |       |       |       |     3 ||     3
       Giant spiked club |       |       |       |     1 ||     1
Throw: Throwing net      |       |       |       |     1 ||     1
 Cast: Flame Tongue      |    30 |       |    44 |    30 ||   104
       Conjure Flame     |       |     2 |     5 |    11 ||    18
       Sticky Flame      |       |     2 |    41 |    39 ||    82
       Fireball          |       |       |       |    17 ||    17
Evoke: Wand              |       |     8 |     4 |     6 ||    18
  Use: Scroll            |     3 |       |    13 |     9 ||    25
       Potion            |       |       |     1 |     1 ||     2
 Stab: Sleeping          |       |       |     2 |     4 ||     6
  Eat: Chunk             |       |       |    14 |    21 ||    35
Armor: Robe              |    22 |     4 |   104 |    92 ||   222
Dodge: Dodged            |    30 |     8 |   153 |   133 ||   324
       Rpst.: Great sword |       |       |    57 |    46 ||   103

Table legend:
 A = Spawn XP
 B = Non-spawn XP
 C = Spawn XP percentage of total XP
 D = Spawn monster count
 E = Non-spawn monster count
 F = Spawn count percentage of total count
 G = Total turns spent on level
                    A         B        C        D         E        F      G
               +---------+---------+-------+---------+---------+-------+---------
         Total |       0 |   13356 |   0.0 |       0 |     229 |   0.0 |  7373
               +---------+---------+-------+---------+---------+-------+---------
           D:1 |       0 |      22 |   0.0 |       0 |      12 |   0.0 |   724
           D:2 |       0 |      89 |   0.0 |       0 |      20 |   0.0 |   768
           D:3 |       0 |     121 |   0.0 |       0 |      31 |   0.0 |   633
           D:4 |       0 |     470 |   0.0 |       0 |      17 |   0.0 |   779
           D:5 |       0 |     981 |   0.0 |       0 |      15 |   0.0 |   781
           D:6 |       0 |     854 |   0.0 |       0 |      20 |   0.0 |  1059
           D:7 |       0 |    1269 |   0.0 |       0 |      25 |   0.0 |   444
           D:8 |       0 |    4473 |   0.0 |       0 |      34 |   0.0 |  1009
           D:9 |       0 |    4052 |   0.0 |       0 |      37 |   0.0 |   673
          D:10 |       0 |     463 |   0.0 |       0 |       5 |   0.0 |   131
       Ossuary |       0 |     562 |   0.0 |       0 |      13 |   0.0 |   328
               +---------+---------+-------+---------+---------+-------+---------
